 Dungeon Crawl Stone Soup version 0.26-a0-639-g72c4674329 (webtiles) character file.

Game seed: 17585940466184586770

13352 Lanoc the Fighter (level 11, -1/120 HPs)
             Began as a Troll Delver on Sept 18, 2020.
             Was the Champion of Dithmenos.
             Slain by a freezing wraith (5 damage)
             ... led by a death knight
             ... on level 11 of the Dungeon.
             The game lasted 00:21:27 (9730 turns).

Lanoc the Fighter (Troll Delver)                    Turns: 9730, Time: 00:21:27

Health: -1/120     AC: 10    Str: 22    XL:     11   Next: 74%
Magic:  10/10      EV: 16    Int: 13    God:    Dithmenos [******]
Gold:   925        SH:  0    Dex: 14    Spells: 10/10 levels left

rFire    + + .     SeeInvis .   a - +7 rapier of Vistu {vorpal, Int+7}
rCold    + . .     Faith    +   (no shield)
rNeg     + . .     Spirit   .   E - +0 acid dragon scales
rPois    .         Reflect  .   (helmet restricted)
rElec    .         Harm     .   C - scarf {rC+ rF+}
rCorr    +         Rampage  .   (gloves unavailable)
MR       .....                  (boots unavailable)
Stlth    +++.......             u - amulet of faith
HPRegen  0.70/turn              I - ring of resist corrosion
MPRegen  0.12/turn              G - ring "Zast" {rF+ rN+}

@: slowed, wreathed by umbra, very slow
A: large, unfitting armour, claws 3, regeneration 1, shaggy fur 1, tough skin 3
a: Shadow Step, Shadow Form, Renounce Religion


You were on level 11 of the Dungeon.
You worshipped Dithmenos.
Dithmenos was exalted by your worship.
You visited 2 branches of the dungeon, and saw 10 of its levels.
You also visited: Sewer and Ossuary.

You collected 925 gold pieces.

Inventory:

Hand Weapons
 a - the +7 rapier of Vistu (weapon) {vorpal, Int+7}
   (You found it on level 7 of the Dungeon)

   It inflicts extra damage upon your enemies.
   It affects your intelligence (+7).
 L - a +1 demon trident of electrocution
Missiles
 c - 7 datura-tipped darts
 l - 5 atropa-tipped darts
 m - 5 curare-tipped darts
 D - 8 large rocks (quivered)
Armour
 C - a scarf of resistance (worn)
 E - +0 acid dragon scales (worn)
Jewellery
 o - an uncursed ring of protection from fire
 u - an amulet of faith (around neck)
 G - the ring "Zast" (right claw) {rF+ rN+}
   (You found it on level 7 of the Dungeon)

   [ring of positive energy]

   It protects you from fire.
   It protects you from negative energy.
 I - a ring of resist corrosion (left claw)
Wands
 f - a wand of digging (11)
 v - a wand of polymorph (3)
 z - a wand of flame (8)
 A - a wand of disintegration (11)
Scrolls
 b - 7 scrolls of fog
 d - a scroll of brand weapon {unknown}
 g - a scroll of enchant weapon {unknown}
 h - 6 scrolls of remove curse
 k - 3 scrolls of blinking
 r - 2 scrolls of magic mapping
 t - 3 scrolls of teleportation
 x - a scroll of immolation {unknown}
 y - a scroll of enchant armour {unknown}
 H - a scroll of silence {unknown}
Potions
 e - a potion of haste
 i - 5 potions of curing
 j - 6 potions of lignification
 w - a potion of magic
 B - a potion of flight
 F - 4 potions of heal wounds
 J - 2 potions of ambrosia
Miscellaneous
 p - a phial of floods
 q - a phantom mirror


   Skills:
 + Level 11.5 Fighting
 + Level 11.4 Dodging
 - Level 2.7 Stealth
 - Level 2.0 Unarmed Combat


You had 10 spell levels left.
You didn't know any spells.
Your spell library was empty.

Dungeon Overview and Level Annotations

Branches:
Dungeon (11/15)            Temple (1/1) D:4            Lair (0/6) D:10
    Orc (0/2) D:10          Sewer (visited)         Ossuary (visited)

Altars:
Ashenzari
Cheibriados
Dithmenos
Fedhas
Hepliaklqana
Okawaru
Ru
Trog
Vehumet
Yredelemnul
The Shining One

Shops:
D:5 [

Annotations:
D:7 2 transporters, XO4YCPATb's ghost, novice NaVM


Innate Abilities, Weirdness & Mutations

You are too large for most types of armour.
You have claws for hands.
Your natural rate of healing is unusually fast.
You are covered in fur. (AC +1)
You have extremely tough skin. (AC +3)


Message History

You feel as though you will be slow longer.
The freezing wraith misses you.
The freezing wraith completely misses you.
You hit the freezing wraith but do no damage.
The freezing wraith is severely damaged.
The freezing wraith hits you. The freezing wraith freezes you! You resist.
* * * LOW HITPOINT WARNING * * *
The freezing wraith barely misses you.
You hit the freezing wraith but do no damage.
The freezing wraith is severely damaged.
Your shadow barely misses the freezing wraith.
The freezing wraith hits you!
* * * LOW HITPOINT WARNING * * *
The freezing wraith freezes you! You resist.
* * * LOW HITPOINT WARNING * * *
The freezing wraith hits you but does no damage.
The freezing wraith hits you!
* * * LOW HITPOINT WARNING * * *
The freezing wraith freezes you. You resist.
You die...

#.# #.#
##.#####.###########
#........W.Y.WWY....
########Y###########
#Y# #.# #.#
#.#############.#
#....?....@W....#
#################


You could see a freezing wraith.

Vanquished Creatures
  Snorg (D:10)
  Erica (D:10)
  A two-headed ogre (D:10)
  Pikel (D:4)
  2 manticores (D:11)
  Psyche (D:10)
  Maggie (D:6)
  A kobold demonologist (D:10)
  A komodo dragon (D:11)
  Grinder (D:5)
  A hornet (D:9)
  4 hippogriffs
  11 yaks
  Menkaure (D:4)
  Edmund (D:5)
  An acid dragon (D:11)
  A porcupine (D:10)
  3 ice beasts
  4 orc warriors
  3 black bears (D:10)
  9 sky beasts
  A phantom (D:5)
  2 ogres
  5 centaurs
  A crocodile (D:10)
  3 lemures (D:4)
  2 big kobolds
  8 bullfrogs
  A wyvern zombie (D:9)
  A wyvern skeleton (D:8)
  A water moccasin zombie (D:10)
  4 scorpions
  8 wights
  6 killer bees (D:8)
  3 howler monkeys (D:7)
  3 electric eels (D:4)
  A centaur zombie (D:10)
  A bullfrog zombie (D:6)
  3 quasits
  5 hounds
  3 jellies
  Crazy Yiuf (D:6)
  4 orc priests
  2 bullfrog skeletons
  5 orc wizards
  2 centaur skeletons
  2 iguanas
  5 worker ants
  A hound skeleton (D:6)
  A howler monkey zombie (D:5)
  8 mummies (Ossuary)
  Robin (D:3)
  4 gnolls (D:4)
  A howler monkey skeleton (D:5)
  2 worker ant zombies
  11 adders
  4 shadow imps
  3 white imps
  An adder zombie (D:8)
  An adder skeleton (D:10)
  A worm (D:4)
  9 leopard geckos
  45 orcs
  4 ball pythons (Sewer)
  4 giant cockroaches
  10 goblins (D:3)
  2 hobgoblins (D:3)
  13 jackals
  10 kobolds
  4 quokkas
  3 frilled lizards (Sewer)
  A gnoll zombie (Ossuary)
  A hobgoblin zombie (Ossuary)
  2 kobold zombies (Ossuary)
  4 orc zombies (Ossuary)
  2 quokka skeletons (D:4)
286 creatures vanquished.

Vanquished Creatures (others)
  58 fungi (D:10)
  52 plants
110 creatures vanquished.

Grand Total: 396 creatures vanquished

Notes
Turn   | Place    | Note
-------+----------+-------------------------------------------
     0 | D:5      | Lanoc the Troll Delver began the quest for the Orb.
     0 | D:5      | Reached XP level 1. HP: 22/22 MP: 0/0
     9 | D:5      | Found Picy's Armour Emporium.
    31 | D:5      | Reached XP level 2. HP: 29/29 MP: 1/1
    45 | D:5      | Found a sand-covered staircase.
    50 | Ossuary  | Entered an ossuary
   127 | Ossuary  | Reached XP level 3. HP: 32/37 MP: 2/2
   207 | Ossuary  | Reached XP level 4. HP: 45/45 MP: 3/3
   397 | D:5      | Found a basalt altar of Yredelemnul.
   470 | D:5      | Noticed Edmund
   492 | D:5      | Killed Edmund
   492 | D:5      | Reached XP level 5. HP: 23/54 MP: 4/4
   563 | D:5      | Found a shadowy altar of Dithmenos.
   563 | D:5      | Noticed a phantom
   599 | D:5      | Killed a phantom
   599 | D:5      | Reached XP level 6. HP: 50/63 MP: 5/5
   606 | D:5      | Became a worshipper of Dithmenos the Shadowed
   701 | D:5      | Noticed a sky beast
   823 | D:4      | Found a glowing drain.
   839 | Sewer    | Entered a sewer
  1050 | Sewer    | Reached skill level 5 in Fighting
  1050 | Sewer    | Reached XP level 7. HP: 29/72 MP: 6/6
  1426 | D:3      | Noticed Robin
  1431 | D:3      | Reached * piety under Dithmenos
  1461 | D:3      | Killed Robin
  1953 | D:4      | Found a blossoming altar of Fedhas.
  1967 | D:4      | Found a snail-covered altar of Cheibriados.
  2048 | D:4      | Noticed Pikel
  2152 | D:4      | Killed Pikel
  2152 | D:4      | Reached skill level 5 in Dodging
  2152 | D:4      | Reached XP level 8. HP: 48/83 MP: 7/7
  2258 | D:4      | Found a sacrificial altar of Ru.
  2259 | D:4      | Found a hazy altar of Hepliaklqana.
  2260 | D:4      | Found an iron altar of Okawaru.
  2335 | D:4      | Found a staircase to the Ecumenical Temple.
  2335 | D:4      | Noticed Menkaure
  2355 | D:4      | Killed Menkaure
  2368 | Temple   | Entered the Ecumenical Temple
  2467 | D:4      | Found a transporter.
  2582 | D:4      | Found a transporter.
  2602 | D:4      | Reached ** piety under Dithmenos
  2857 | D:5      | Noticed Grinder
  2965 | D:5      | Paralysed by Grinder for 4 turns
  3112 | D:5      | Paralysed by Grinder for 4 turns
  3129 | D:5      | Paralysed by Grinder for 5 turns
  3136 | D:5      | Killed Grinder
  3315 | D:5      | Found a glowing golden altar of the Shining One.
  3373 | D:6      | Reached XP level 9. HP: 93/93 MP: 8/8
  3834 | D:6      | Reached *** piety under Dithmenos
  4397 | D:6      | Found a runed translucent door.
  4398 | D:6      | Noticed Crazy Yiuf
  4408 | D:6      | Killed Crazy Yiuf
  4474 | D:7      | Noticed Maggie
  4635 | D:6      | Killed Maggie
  4767 | D:7      | Got a wavering jade ring
  4768 | D:7      | Identified the ring "Zast" {rF+ rN+} (You found it on level
                  | 7 of the Dungeon)
  4912 | D:7      | Reached **** piety under Dithmenos
  4923 | D:7      | Got a faintly glowing rapier
  4923 | D:7      | Identified the +7 rapier of Vistu {vorpal, Int+7} (You
                  | found it on level 7 of the Dungeon)
  4954 | D:7      | Reached XP level 10. HP: 88/107 MP: 9/9
  5052 | D:7      | Noticed a two-headed ogre
  5114 | D:7      | Found a transporter.
  5115 | D:7      | Noticed XO4YCPATb's ghost (novice NaVM)
  5125 | D:7      | Found a transporter.
  5461 | D:8      | Found a shattered altar of Ashenzari.
  6582 | D:9      | Found a radiant altar of Vehumet.
  6663 | D:9      | Reached ***** piety under Dithmenos
  7217 | D:10     | Entered Level 10 of the Dungeon
  7348 | D:10     | Noticed a two-headed ogre
  7362 | D:10     | Killed a two-headed ogre
  7362 | D:10     | Reached skill level 10 in Fighting
  7362 | D:10     | Reached skill level 10 in Dodging
  7591 | D:10     | Noticed Psyche
  7595 | D:10     | Killed Psyche
  7656 | D:10     | Noticed Snorg
  7704 | D:10     | Killed Snorg
  7704 | D:10     | Reached XP level 11. HP: 66/119 MP: 10/10
  7838 | D:10     | Noticed Erica
  7862 | D:10     | Killed Erica
  8174 | D:10     | Found a staircase to the Lair.
  8516 | D:10     | Found a staircase to the Orcish Mines.
  9004 | D:10     | Reached ****** piety under Dithmenos
  9246 | D:11     | Found a bloodstained altar of Trog.
  9488 | D:11     | Noticed a death knight
  9547 | D:11     | Identified a scroll of acquirement
  9547 | D:11     | Acquired 1270 gold pieces
  9730 | D:11     | HP: 4/120 [freezing wraith[a death knight] (7)]
  9730 | D:11     | Slain by a freezing wraith

Illustrated notes

Levels and vault maps discovered:
D:3:      layout_rooms, kennysheep_generic_room_8, uniq_robin
D:4:      gammafunk_steamed_eel, layout_basic, cheibriados_altar_1,
          chequers_temple_overflow_statue_of_worship,
          minmay_temple_entry_slanted, portal_sewer_entry_d, minivault_4,
          fedhas_bush_and_centaur_altar, uniq_pikel, uniq_menkaure
D:5:      layout_cave_pools, tso_oasis_becter, grunt_dithmenos_shadows,
          yredelemnul_altar_generic, serial_shops, shop, enter_ossuary_2,
          chequers_decorated_corner, uniq_edmund, uniq_grinder
D:6:      layout_loops_ring, uniq_crazy_yiuf_cottage
D:7:      layout_cave_pools, gammafunk_ghost_arena, st_stairs_3, uniq_maggie
D:8:      layout_layer_cave, nicolae_overflow_hidden_temple, dk_noncrumbling_2
D:9:      layout_roguey, vehumet_crystals
D:10:     layout_loops_cross, due_lair_maze_entry_diamond, hiddenorc2_lemuel,
          roderic_lattice_a, nrook_mini_vaults, uniq_erica, uniq_snorg,
          uniq_psyche
D:11:     layout_basic, serial_glass, glass_columns_c, glass_columns_a,
          basic_altar
Temple:   minmay_temple_forest_path

Skill      XL: |  1  2  3  4  5  6  7  8  9 10 11 |
---------------+----------------------------------+-----
Dodging        | 2 3 4 5 7 8 10 11 | 11.4
Fighting       | 3 4 5 6 7 9 10 11 | 11.5
Stealth        | |  2.7
Unarmed Combat | |  2.0

Action                   |  1- 3 |  4- 6 |  7- 9 | 10-12 || total
-------------------------+-------+-------+-------+-------++-------
Melee: Unarmed           |    41 |   151 |   455 |       ||   647
       Punch             |     1 |     2 |     4 |    13 ||    20
       Rapier            |       |       |     7 |   534 ||   541
Evoke: Phial of floods   |       |       |     1 |       ||     1
       Wand              |       |       |    11 |     7 ||    18
  Use: Scroll            |     1 |     1 |     1 |    11 ||    14
       Potion            |       |       |     8 |     5 ||    13
 Stab: Sleeping          |       |       |     6 |    11 ||    17
       Distracted        |       |       |     3 |     1 ||     4
       Invisible         |       |       |     1 |       ||     1
Armor: Robe              |     9 |    48 |    82 |       ||   139
       Skin              |       |       |    10 |       ||    10
       Acid dragon scale |       |       |    60 |   204 ||   264
Dodge: Dodged            |     8 |    70 |   464 |   621 ||  1163

Table legend: (Time is in decaauts)
 A = Elapsed time spent in this place.
 B = Non-inter-level travel time spent in this place.
 C = Inter-level travel time spent in this place.
 D = Time resting spent in this place.
 E = Time spent auto-exploring this place.
 F = Levels seen in this place.
 G = Mean time per level.
                   A        B        C        D        E       F      G
               +--------+--------+--------+--------+--------+-----+--------+
         Total |   9899 |   9662 |    237 |    795 |   6142 |  12 |  824.9 |
       Dungeon |   8991 |   8754 |    237 |    744 |   5575 |   9 |  999.0 |
        Temple |      1 |      1 |      0 |      0 |      0 |   1 |    1.0 |
         Sewer |    572 |    572 |      0 |      0 |    433 |   1 |  572.0 |
       Ossuary |    334 |    334 |      0 |     51 |    134 |   1 |  334.0 |
               +--------+--------+--------+--------+--------+-----+--------+

Top non-repeatable levels by time:
    D:10: 1871 daAuts
     D:6: 1301 daAuts
     D:4: 1291 daAuts
     D:8: 1146 daAuts
     D:7: 729 daAuts
     D:5: 724 daAuts
     D:9: 701 daAuts
    D:11: 699 daAuts
   Sewer: 572 daAuts
     D:3: 525 daAuts
 Ossuary: 334 daAuts
  Temple: 1 daAuts
